cohdb
Replays
Latest Replays
All Replays
Popular Replays
Top Player Replays
Match Explorer
How It Works
Community
CoH3 Stats
Reddit
Sign in to upload your games and track your stats! →
Sign in with Steam
Match 38546869
Unlisted
Match 38546869
Overview
Messages
Build Orders
End
Vickers Machine Gun Team
Construct Section Command Post
Selects Air and Sea Battlegroup
Selects Air and Sea Battlegroup
Infantry Section
Infantry Section
Royal Engineer Section
Selects Supply Surplus
Construct Platoon Command Post
Humber Armored Car
Selects Commando Section Paradrop
Construct Field Infirmary
Selects Commando Support Section Paradrop
Royal Engineer Section
Construct Company Command Post
Crusader II Medium Tank
Selects Centaur Medium Tank
Crusader II Medium Tank
Royal Engineer Section
Foot Guards Section
Foot Guards Section
Grenade Package
LEV-Detahaven
SOPRO
StarDriver
Chen
0
0
Comments
sign in to comment!
No comments posted yet!